 Dungeon Crawl Stone Soup version 0.22.1-2-g9c5b331 (webtiles) character file.

1638 lysyklops the Covered (level 8, -8/73 HPs)
             Began as a Minotaur Fighter on Dec 14, 2018.
             Was a Follower of Okawaru.
             Killed from afar by an electric eel (12 damage)
             ... with a bolt of electricity
             ... on level 6 of the Dungeon.
             The game lasted 00:10:40 (4804 turns).

lysyklops the Covered (Minotaur Fighter)            Turns: 4804, Time: 00:10:41

Health: -8/73      AC:  9    Str: 29    XL:     8   Next: 66%
Magic:  7/7        EV:  8    Int:  5    God:    Okawaru [*.....]
Gold:   363        SH: 11    Dex:  9    Spells: 7/7 levels left

rFire    . . .     SeeInvis .   a - +0 long sword
rCold    . . .     Gourm    .   c - +0 shield
rNeg     . . .     Faith    .   b - +0 scale mail
rPois    .         Spirit   .   (helmet restricted)
rElec    .         Reflect  .   (no cloak)
rCorr    .         Harm     .   (no gloves)
MR       .....                  i - +0 pair of boots
Stlth    ..........             (no amulet)
HPRegen  0.22/turn              (no ring)
MPRegen  0.10/turn              (no ring)

@: mighty
A: retaliatory headbutt, horns 2
a: Heroism, Renounce Religion


You were on level 6 of the Dungeon.
You worshipped Okawaru.
Okawaru was aware of your devotion.
You were not hungry.

You visited 2 branches of the dungeon, and saw 7 of its levels.

You collected 363 gold pieces.

Inventory:

Hand Weapons
 a - a +0 long sword (weapon)
Armour
 b - a +0 scale mail (worn)
 c - a +0 shield (worn)
 i - a +0 pair of boots (worn)
Jewellery
 r - an uncursed ring of protection from fire {unknown}
Wands
 o - a wand of flame (24)
 q - a wand of digging (16)
Scrolls
 h - 7 scrolls of remove curse {unknown}
 j - 4 scrolls of identify {unknown}
 k - 2 scrolls of immolation {unknown}
 l - 8 scrolls of teleportation {unknown}
 m - 2 scrolls of blinking {unknown}
 s - a scroll of magic mapping {unknown}
 u - a scroll of fog {unknown}
 x - a scroll of fear {unknown}
Potions
 e - a potion of resistance {unknown}
 g - 5 potions of curing
 n - 2 potions of magic {unknown}
 p - 3 potions of lignification {unknown}
 t - a potion of invisibility {unknown}
 v - a potion of heal wounds {unknown}
 w - a potion of agility {unknown}
Comestibles
 f - 11 rations
 z - a chunk of flesh


   Skills:
 + Level 7.4 Fighting
 + Level 7.1 Long Blades
 + Level 7.5 Armour
 + Level 7.5 Shields


You had 7 spell levels left.
You didn't know any spells.
Your spell library contained the following spells:

 Spells                   Type           Power        Failure   Level  Hunger
 Corona                   Hex            #......      95%         1    ##.....
 Ensorcelled Hibernation  Hex/Ice        #.....       99%         2    ###....
 Confuse                  Hex            #.......     100%        3    ####...
 Dazzling Spray           Conj/Hex       #.....       100%        3    ####...
 Tukima's Dance           Hex            #.......     100%        3    ####...


Dungeon Overview and Level Annotations

Branches:
Dungeon (6/15)             Temple (1/1) D:5

Altars:
Ashenzari
Cheibriados
Fedhas
Gozag
Hepliaklqana
Kikubaaqudgha
Makhleb
Nemelex Xobeh
Okawaru
Qazlal
Ru
Trog
Vehumet
Wu Jian
Xom
Yredelemnul
Zin
The Shining One


Innate Abilities, Weirdness & Mutations

You reflexively headbutt those who attack you in melee.
You have a pair of horns on your head.


Message History

The electric eel is too close now for your liking.
The electric eel shoots out a bolt of lightning at you!
The bolt of electricity hits you!
The electric eel shoots out a bolt of lightning at you!
The bolt of electricity hits you!
The electric eel shoots out a bolt of lightning at you!
The bolt of electricity hits you!
The electric eel shoots out a bolt of lightning at you!
The bolt of electricity hits you!
You start resting.
The electric eel is too close now for your liking.
The electric eel shoots out a bolt of lightning at you!
The bolt of electricity hits you! x2
* * * LOW HITPOINT WARNING * * *
You feel very mighty all of a sudden.
The electric eel shoots out a bolt of lightning at you!
The bolt of electricity hits you!
* * * LOW HITPOINT WARNING * * *
The bolt of electricity hits you!
You die...

### #.# #.#### #.@..##
#.##..## ### #♣≈≈♣≈≈≈♣
##########P≈♣♣≈≈♣♣≈♣≈≈≈≈
........≈♣♣♣PP≈;≈≈≈≈≈≈≈♣♣
#####.#≈♣PP≈≈≈≈≈≈≈≈≈≈≈≈≈≈
#.#≈♣≈≈♣≈≈♣≈≈≈≈≈≈≈;≈≈P≈≈≈P≈ #
#.≈♣≈≈≈≈≈≈≈≈≈≈≈≈≈≈≈≈≈♣≈P♣≈≈♣P
#♣♣≈≈♣≈≈≈≈≈≈≈≈≈≈≈≈≈≈≈≈≈≈≈P≈≈≈


You could see an electric eel.

Vanquished Creatures
  3 sky beasts
  2 ogres
  A bullfrog (D:6)
  4 scorpions
  An electric eel (D:6)
  A howler monkey (D:6)
  2 crimson imps (D:5)
  2 orc priests (D:5)
  6 orc wizards
  2 hounds
  A bullfrog skeleton (D:4)
  2 centaur skeletons
  Natasha (thrice) (D:2)
  An iguana (D:5)
  5 worker ants
  4 gnolls
  2 adders (D:3)
  An ooze (D:4)
  2 adder skeletons
  3 worms
  3 dart slugs
  3 leopard geckos
  23 orcs
  8 bats
  3 giant cockroaches
  9 hobgoblins
  5 jackals
  3 quokkas
  4 ball pythons
  3 frilled lizards
  8 goblins
  A jackal skeleton (D:4)
  8 kobolds
  10 rats
  A fungus (D:1)
140 creatures vanquished.

Notes
Turn   | Place    | Note
-------+----------+-------------------------------------------
     0 | D:1      | lysyklops the Minotaur Fighter began the quest for the Orb.
     0 | D:1      | Reached XP level 1. HP: 19/19 MP: 0/0
   330 | D:1      | Reached XP level 2. HP: 27/27 MP: 1/1
   798 | D:2      | Reached XP level 3. HP: 32/33 MP: 2/2
   838 | D:2      | Noticed Natasha
   859 | D:2      | Killed Natasha
   916 | D:2      | Noticed Natasha
   928 | D:2      | Killed Natasha
   928 | D:2      | Reached XP level 4. HP: 33/41 MP: 3/3
  1044 | D:2      | Noticed Natasha
  1054 | D:2      | Killed Natasha
  1067 | D:2      | Reached XP level 5. HP: 28/47 MP: 4/4
  1421 | D:2      | Reached skill level 5 in Armour
  1636 | D:2      | Reached skill level 5 in Shields
  1696 | D:3      | Reached skill level 5 in Fighting
  1812 | D:3      | Found a shattered altar of Ashenzari.
  1830 | D:3      | Reached XP level 6. HP: 55/56 MP: 5/5
  2900 | D:4      | Reached skill level 5 in Long Blades
  2900 | D:4      | Reached XP level 7. HP: 36/62 MP: 6/6
  3313 | D:5      | Entered Level 5 of the Dungeon
  3495 | D:5      | Found a staircase to the Ecumenical Temple.
  3501 | Temple   | Entered the Ecumenical Temple
  3547 | Temple   | Became a worshipper of Warmaster Okawaru
  3694 | D:5      | Reached XP level 8. HP: 49/71 MP: 7/7
  3736 | D:5      | Reached * piety under Okawaru
  3805 | D:5      | Found a burning altar of Makhleb.
  3805 | D:5      | Noticed a blizzard demon
  4804 | D:6      | Killed from afar by an electric eel

Skill      XL: |  1  2  3  4  5  6  7  8 |
---------------+-------------------------+-----
Armour         | 4 5 6 7 |  7.5
Shields        | 4 5 6 7 |  7.5
Fighting       | 4 5 6 7 |  7.4
Long Blades    | 3 4 5 6 7 |  7.1

Action                   |  1- 3 |  4- 6 |  7- 9 || total
-------------------------+-------+-------+-------++-------
Melee: Long sword        |    96 |   182 |   201 ||   479
       Headbutt          |    13 |    36 |    36 ||    85
  Use: Potion            |       |       |     1 ||     1
  Eat: Chunk             |       |     7 |     6 ||    13
Armor: Scale mail        |    44 |    72 |    76 ||   192
Dodge: Dodged            |    26 |    51 |    46 ||   123
Block: Shield            |    52 |   102 |    71 ||   225
       Rpst.: Long sword |     5 |     8 |     7 ||    20
